 Dungeon Crawl Stone Soup version 0.26.1-10-gdfb7c7de75 (webtiles) character file.

Game seed: 16259546539421409241

3688 promet the Vexing (level 10, 0/76 HPs)
             Began as a Gnoll Arcane Marksman on Apr 2, 2021.
             Was a Follower of Dithmenos.
             Slain by a centaur (1 damage)
             ... while petrified by a basilisk
             ... on level 8 of the Dungeon on Apr 6, 2021.
             The game lasted 01:35:21 (10004 turns).

promet the Vexing (Gnoll Arcane Marksman)          Turns: 10004, Time: 01:35:22

Health: 0/76       AC:  7    Str: 14    XL:     10   Next: 13%
Magic:  18/18      EV:  2    Int: 18    God:    Dithmenos [*.....]
Gold:   286        SH:  0    Dex: 27    Spells: 7/20 levels left

rFire    . . .     SeeInvis .   J - +1 scythe (protect)
rCold    . . .     Faith    .   (shield currently unavailable)
rNeg     + + +     Spirit   .   F - +2 robe {Will+}
rPois    ∞         Reflect  .   (no helmet)
rElec    .         Harm     .   (no cloak)
rCorr    .         Rampage  .   (no gloves)
Will     +....                  h - +2 pair of boots
Stlth    ++++......             (no amulet)
HPRegen  0.22/turn              f - +6 ring of dexterity
MPRegen  0.16/turn              u - +6 ring of dexterity

@: petrified, wreathed by umbra
A: distributed training, fangs 1, strong nose
a: Renounce Religion


You were on level 8 of the Dungeon.
You worshipped Dithmenos.
Dithmenos was aware of your devotion.
You visited 2 branches of the dungeon, and saw 9 of its levels.

You collected 408 gold pieces.
You spent 122 gold pieces at shops.

Inventory:

Hand Weapons
 a - a +3 short sword of venom
 b - a +0 shortbow
 i - a +1 whip of venom
 j - a +2 dire flail of protection
 q - a +0 hunting sling
 z - a +0 war axe
 H - a +3 battleaxe
 I - a +3 dagger of freezing
 J - a +1 scythe of protection (weapon)
 M - a +0 vorpal falchion
Missiles
 c - 20 sling bullets
 d - 157 arrows
 g - 285 stones
 o - 3 boomerangs (quivered)
 v - 3 silver boomerangs
 A - 31 poisoned darts
 C - 51 bolts
 P - 4 curare-tipped darts
Armour
 e - a +0 robe
 h - a +2 pair of boots (worn)
 l - a +0 buckler
 F - a +2 robe of willpower (worn)
 O - +0 acid dragon scales
Jewellery
 f - a +6 ring of dexterity (left hand)
 r - an uncursed ring of flight
 u - a +6 ring of dexterity (right hand)
 w - an uncursed ring of poison resistance
 L - the amulet "Ritwag" {Faith rN+ SInv, unknown}
   (You found it on level 7 of the Dungeon)

   [amulet of faith]

   It allows you to gain divine favour quickly.
   It protects you from negative energy.
   It lets you see invisible.
 N - an uncursed ring of resist corrosion
 Q - an uncursed ring of resist corrosion
Wands
 k - a wand of paralysis (5)
Scrolls
 m - 2 scrolls of fear
 n - 3 scrolls of remove curse
 t - a scroll of amnesia
 y - 2 scrolls of teleportation
 R - 3 scrolls of fog
Potions
 p - a potion of curing
 s - 3 potions of berserk rage
 x - a potion of haste
 B - a potion of lignification
 D - a potion of magic
 E - 2 potions of brilliance
 G - a potion of heal wounds
 K - a potion of resistance {unknown}


   Skills:
 + Level 5.6 Fighting
 + Level 5.0 Short Blades
 + Level 5.0 Long Blades
 + Level 5.0 Axes
 + Level 5.0 Maces & Flails
 + Level 5.0 Polearms
 + Level 5.0 Staves
 + Level 5.0 Slings
 + Level 6.8 Bows
 + Level 5.0 Crossbows
 + Level 5.0 Throwing
 + Level 5.0 Armour
 + Level 6.8 Dodging
 + Level 5.0 Stealth
 + Level 5.0 Shields
 + Level 5.0 Unarmed Combat
 + Level 5.8 Spellcasting
 + Level 4.1 Conjurations
 + Level 6.9 Hexes
 + Level 4.1 Summonings
 + Level 4.1 Necromancy
 + Level 4.1 Translocations
 + Level 4.1 Transmutations
 + Level 4.1 Fire Magic
 + Level 4.1 Ice Magic
 + Level 4.1 Air Magic
 + Level 4.1 Earth Magic
 + Level 4.1 Poison Magic
 + Level 5.4 Invocations
 + Level 5.0 Evocations


You had 7 spell levels left.
You knew the following spells:

 Your Spells              Type           Power        Failure   Level
a - Corona                Hex            33%          1%          1
b - Slow                  Hex            30%          1%          2
c - Inner Flame           Hex/Fire       25%          3%          3
d - Wereblood             Tmut           20%          3%          2
e - Foxfire               Conj/Fire      80%          2%          1
f - Beastly Appendage     Tmut           40%          2%          1
g - Conjure Flame         Conj/Fire      20%          7%          3

Your spell library contained the following spells:

 Spells                   Type           Power        Failure   Level
 Portal Projectile        Hex/Tloc       50%          3%          3
 Spider Form              Tmut/Pois      10%          7%          3
 Cause Fear               Hex            15%          7%          4
 Leda's Liquefaction      Hex/Erth       12%          13%         4
 Ice Form                 Ice/Tmut       20%          22%         4
 Sticky Flame             Conj/Fire      20%          22%         4
 Blade Hands              Tmut           10%          54%         5
 Fireball                 Conj/Fire      10%          54%         5


Dungeon Overview and Level Annotations

Branches:
Dungeon (8/15)             Temple (1/1) D:7
   Lair: D:8-11

Altars:
Ashenzari
Cheibriados
Dithmenos
Elyvilon
Fedhas
Gozag
Hepliaklqana
Kikubaaqudgha
Makhleb
Nemelex Xobeh
Okawaru
Qazlal
Ru
Sif Muna
Trog
Uskayaw
Vehumet
Wu Jian
Xom
Yredelemnul
Zin
The Shining One

Shops:
D:6 [


Innate Abilities, Weirdness & Mutations

Your experience applies equally to all skills.
You have very sharp teeth.
Your uncanny sense of smell can sniff out nearby items.


Message History

The basilisk bites you! The orc hits you but does no damage.
The centaur hits you but does no damage.
The orc hits you but does no damage.
The death yak gores you but does no damage.
The basilisk bites you! The orc hits you but does no damage. x2
The centaur hits you but does no damage.
The death yak gores you!!
* * * LOW HITPOINT WARNING * * *
You hear a howl!
The basilisk bites you.
* * * LOW HITPOINT WARNING * * *
The centaur hits you but does no damage.
The orc hits you but does no damage. The orc hits you with a +0 mace.
* * * LOW HITPOINT WARNING * * *
The death yak gores you!!
* * * LOW HITPOINT WARNING * * *
The basilisk gazes at you. You resist with almost no effort.
The orc hits you but does no damage. The centaur hits you.
You die...

...............[....###
........................
...............h.....#
.....................###
................<.......
.....................###
oo...................#
..........(...o......#
.....>..)(†..)o@(....#
..............clY(...#
...........)...F.....#
.....................#
.....................#
...........†.........#
.....................#
............[........#
.................#


You could see a death yak, a basilisk, a bullfrog, a centaur (slow), a howler
monkey and 2 orcs.

Vanquished Creatures
  Maggie (D:7)
  Prince Ribbit (D:7)
  Sigmund (D:6)
  Edmund (D:6)
  A black bear (D:6)
  An ice beast (D:6)
  A sky beast (D:5)
  A necrophage (D:6)
  3 ogres
  A centaur (D:6)
  4 bullfrogs
  A big kobold (D:7)
  8 scorpions
  9 wights
  A howler monkey (D:5)
  A centaur zombie (D:5)
  A bullfrog zombie (D:7)
  6 hounds
  4 jellies
  2 bullfrog skeletons
  An orc priest (D:8)
  3 iguanas
  An orc wizard (D:8)
  Terence (D:2)
  Ijyb (D:3)
  4 worker ants
  3 hound zombies
  A hound skeleton (D:5)
  Robin (D:2)
  11 gnolls
  A worker ant zombie (D:6)
  6 adders
  A shadow imp (D:6)
  3 white imps
  An adder skeleton (D:4)
  4 worms
  A dart slug (D:2)
  6 leopard geckos
  24 orcs
  5 bats
  7 giant cockroaches
  9 goblins
  8 hobgoblins
  11 jackals
  13 kobolds
  A quokka (D:3)
  4 ball pythons
  A ball python skeleton (D:4)
  8 frilled lizards
  A quokka zombie (D:8)
  3 rats (D:1)
194 creatures vanquished.

Vanquished Creatures (others)
  45 foxfires
45 creatures vanquished.

Grand Total: 239 creatures vanquished

Notes
Turn   | Place    | Note
-------+----------+-------------------------------------------
     0 | D:1      | promet the Gnoll Arcane Marksman began the quest for the
                  | Orb.
     0 | D:1      | Reached XP level 1. HP: 17/17 MP: 4/4
   412 | D:1      | Reached XP level 2. HP: 23/23 MP: 5/5
   938 | D:2      | Noticed Robin
  1216 | D:2      | Reached XP level 3. HP: 28/28 MP: 7/7
  1322 | D:2      | Reached skill level 1 in Invocations
  1409 | D:1      | Reached skill level 1 in Short Blades
  1409 | D:1      | Reached skill level 1 in Long Blades
  1409 | D:1      | Reached skill level 1 in Axes
  1409 | D:1      | Reached skill level 1 in Maces & Flails
  1409 | D:1      | Reached skill level 1 in Polearms
  1409 | D:1      | Reached skill level 1 in Staves
  1409 | D:1      | Reached skill level 1 in Slings
  1409 | D:1      | Reached skill level 1 in Crossbows
  1409 | D:1      | Reached skill level 1 in Throwing
  1409 | D:1      | Reached skill level 1 in Armour
  1409 | D:1      | Reached skill level 1 in Stealth
  1409 | D:1      | Reached skill level 1 in Shields
  1409 | D:1      | Reached skill level 1 in Unarmed Combat
  1409 | D:1      | Reached skill level 1 in Evocations
  1409 | D:1      | Reached XP level 4. HP: 20/34 MP: 8/8
  1540 | D:1      | Learned a level 2 spell: Slow
  1688 | D:2      | Reached skill level 1 in Conjurations
  1688 | D:2      | Reached skill level 1 in Summonings
  1688 | D:2      | Reached skill level 1 in Necromancy
  1688 | D:2      | Reached skill level 1 in Translocations
  1688 | D:2      | Reached skill level 1 in Transmutations
  1688 | D:2      | Reached skill level 1 in Fire Magic
  1688 | D:2      | Reached skill level 1 in Ice Magic
  1688 | D:2      | Reached skill level 1 in Air Magic
  1688 | D:2      | Reached skill level 1 in Earth Magic
  1688 | D:2      | Reached skill level 1 in Poison Magic
  1708 | D:2      | Reached XP level 5. HP: 31/40 MP: 9/9
  2513 | D:2      | Noticed Terence
  2528 | D:2      | Killed Terence
  2821 | D:2      | Killed Robin
  2996 | D:3      | Noticed Ijyb
  3040 | D:3      | Reached XP level 6. HP: 37/47 MP: 7/10
  3054 | D:3      | Killed Ijyb
  3818 | D:4      | Reached skill level 5 in Bows
  3818 | D:4      | Reached skill level 5 in Dodging
  3937 | D:4      | Learned a level 3 spell: Inner Flame
  4334 | D:4      | Reached XP level 7. HP: 51/52 MP: 7/12
  4467 | D:4      | Found a burning altar of Makhleb.
  4818 | D:5      | Entered Level 5 of the Dungeon
  5443 | D:5      | Reached XP level 8. HP: 60/60 MP: 14/14
  5454 | D:5      | Learned a level 2 spell: Wereblood
  6420 | D:6      | Found Gatig's Antique Armour Shop.
  6559 | D:6      | Learned a level 1 spell: Foxfire
  6858 | D:6      | Learned a level 1 spell: Beastly Appendage
  7052 | D:6      | Bought an embroidered robe for 122 gold pieces
  7098 | D:6      | Reached XP level 9. HP: 66/66 MP: 16/16
  7474 | D:6      | Noticed Sigmund
  7493 | D:6      | Killed Sigmund
  7494 | D:6      | Reached skill level 5 in Spellcasting
  7640 | D:6      | Noticed Edmund
  7665 | D:6      | Killed Edmund
  7666 | D:6      | Reached skill level 5 in Fighting
  8270 | D:7      | Found a staircase to the Ecumenical Temple.
  8304 | Temple   | Entered the Ecumenical Temple
  8406 | Temple   | Became a worshipper of Dithmenos the Shadowed
  8561 | D:7      | Learned a level 3 spell: Conjure Flame
  8862 | D:7      | Reached skill level 5 in Invocations
  9312 | D:7      | Noticed Maggie
  9333 | D:7      | Killed Maggie
  9446 | D:7      | Reached XP level 10. HP: 74/74 MP: 18/18
  9666 | D:7      | Noticed Prince Ribbit
  9733 | D:7      | Killed Prince Ribbit
  9879 | D:7      | Got a coiled crystal amulet
  9910 | D:8      | Reached skill level 5 in Short Blades
  9910 | D:8      | Reached skill level 5 in Long Blades
  9910 | D:8      | Reached skill level 5 in Axes
  9910 | D:8      | Reached skill level 5 in Maces & Flails
  9910 | D:8      | Reached skill level 5 in Polearms
  9910 | D:8      | Reached skill level 5 in Staves
  9910 | D:8      | Reached skill level 5 in Slings
  9910 | D:8      | Reached skill level 5 in Crossbows
  9910 | D:8      | Reached skill level 5 in Throwing
  9910 | D:8      | Reached skill level 5 in Armour
  9910 | D:8      | Reached skill level 5 in Stealth
  9910 | D:8      | Reached skill level 5 in Shields
  9910 | D:8      | Reached skill level 5 in Unarmed Combat
  9910 | D:8      | Reached skill level 5 in Evocations
  9992 | D:8      | Noticed a death yak
  9993 | D:8      | Reached * piety under Dithmenos
 10003 | D:8      | HP: 1/76 [death yak (11)]
 10004 | D:8      | Slain by a centaur

Illustrated notes

Levels and vault maps discovered:
D:1:      minmay_arrival_five_plusses, layout_basic
D:2:      layout_loops_ring, uniq_terence, uniq_robin
D:3:      layout_loops_ring, chequers_garden, uniq_ijyb
D:4:      layout_gridville, makhleb_heckhound_becter, kennysheep_generic_room_9
D:5:      layout_cave_pods, roderic_roman_lattice
D:6:      layout_layer_cave, serial_shops, shop, uniq_edmund, uniq_sigmund
D:7:      layout_basic, minmay_temple_entry_ruins, serial_glass,
          glass_columns_a, glass_columns_a, glass_columns_c, glass_columns_a,
          chequers_serial_rivers_micro_c, uniq_prince_ribbit1, uniq_maggie
D:8:      layout_basic, david_lair_generic, serial_shops, shop
Temple:   compressed_dpeg_circular_temple

Skill      XL: |  1  2  3  4  5  6  7  8  9 10 |
---------------+-------------------------------+-----
Invocations    | 1 2 3 4 5 |  5.4
Short Blades   | 1 2 3 4 5 |  5.0
Long Blades    | 1 2 3 4 5 |  5.0
Axes           | 1 2 3 4 5 |  5.0
Maces & Flails | 1 2 3 4 5 |  5.0
Polearms       | 1 2 3 4 5 |  5.0
Staves         | 1 2 3 4 5 |  5.0
Slings         | 1 2 3 4 5 |  5.0
Crossbows      | 1 2 3 4 5 |  5.0
Throwing       | 1 2 3 4 5 |  5.0
Armour         | 1 2 3 4 5 |  5.0
Stealth        | 1 2 3 4 5 |  5.0
Shields        | 1 2 3 4 5 |  5.0
Unarmed Combat | 1 2 3 4 5 |  5.0
Evocations     | 1 2 3 4 5 |  5.0
Spellcasting   | 3 4 5 |  5.8
Conjurations   | 1 2 3 4 |  4.1
Summonings     | 1 2 3 4 |  4.1
Necromancy     | 1 2 3 4 |  4.1
Translocations | 1 2 3 4 |  4.1
Transmutations | 1 2 3 4 |  4.1
Fire Magic     | 1 2 3 4 |  4.1
Ice Magic      | 1 2 3 4 |  4.1
Air Magic      | 1 2 3 4 |  4.1
Earth Magic    | 1 2 3 4 |  4.1
Poison Magic   | 1 2 3 4 |  4.1
Fighting       | 3 4 5 |  5.6
Bows           | 5 6 |  6.8
Dodging        | 5 6 |  6.8
Hexes          | 6 |  6.9

Action                   |  1- 3 |  4- 6 |  7- 9 | 10-12 || total
-------------------------+-------+-------+-------+-------++-------
Melee: Mace              |    38 |       |       |       ||    38
       Bite              |    13 |    22 |    37 |     1 ||    73
       Shortbow          |    23 |       |       |       ||    23
       Whip              |    31 |    38 |       |       ||    69
       Short sword       |       |   109 |   167 |     3 ||   279
       Punch             |       |     2 |     6 |       ||     8
       War axe           |       |       |     6 |       ||     6
       Scythe            |       |       |    47 |    23 ||    70
       Dire flail        |       |       |    40 |       ||    40
       Kick              |       |       |    18 |       ||    18
       Headbutt          |       |       |    12 |       ||    12
       Battleaxe         |       |       |    11 |       ||    11
       Unarmed           |       |       |    11 |       ||    11
       Hand axe          |       |       |     5 |       ||     5
 Fire: Shortbow          |    20 |    36 |    65 |    12 ||   133
Throw: Boomerang         |       |     8 |    50 |     2 ||    60
       Dart              |       |       |     4 |     4 ||     8
 Cast: Corona            |     6 |    24 |    51 |     2 ||    83
       Slow              |       |    13 |    46 |     3 ||    62
       Foxfire           |       |       |    22 |     5 ||    27
       Wereblood         |       |       |     2 |       ||     2
       Conjure Flame     |       |       |     7 |     4 ||    11
       Beastly Appendage |       |       |     5 |       ||     5
Evoke: Wand              |       |       |    12 |       ||    12
  Use: Scroll            |     3 |     7 |     8 |     1 ||    19
       Potion            |     3 |     5 |     3 |       ||    11
 Stab: Sleeping          |     2 |     9 |     5 |       ||    16
Armor: Robe              |    29 |    34 |    36 |    24 ||   123
       Skin              |       |       |    25 |       ||    25
Dodge: Dodged            |    83 |   106 |   205 |    36 ||   430
